 Dungeon Crawl Stone Soup version 0.31.0-12-g77e489cdc1 (webtiles) character file.

Game seed: 1209388396284317519

11057 Minsecho the Fighter (level 11, -5/117 HPs)
             Began as an Oni Cinder Acolyte on Feb 11, 2024.
             Was an Initiate of Nemelex Xobeh.
             Slain by a red devil
             ... wielding a +0 trident
             ... summoned by Frances
              (15 damage)
             ... on level 13 of the Dungeon.
             The game lasted 00:28:40 (10585 turns).

Minsecho the Fighter (Oni Cinder Acolyte)          Turns: 10585, Time: 00:28:41

Health: -5/117     AC:  3    Str: 20    XL:     11   Next: 71%
Magic:  23/23      EV: 16    Int: 18    God:    Nemelex Xobeh [......]
Gold:   617        SH:  0    Dex:  8    Spells: 17/27 levels left

rFire   . . .        G - +3 flail
rCold   . . .        (no shield)
rNeg    + . .        b - +0 robe
rPois   .            (helmet currently unavailable)
rElec   .            (cloak currently unavailable)
rCorr   .            (gloves unavailable)
SInv    .            (boots unavailable)
Will    +....        N - amulet of faith
Stlth   +            J - +5 ring of evasion
HPRegen 0.39/turn    L - ring "Toubbay" {rN+ Int+3}
MPRegen 0.18/turn

%: faith
@: about to teleport, beast-form, fire susceptible
A: beast (slay +4), large, unfitting armour, horns 1, tough skin 1, double
potion healing, drunken brawling
a: Begin Untransformation, Renounce Religion, Draw Escape, Draw Destruction,
Draw Summoning


You were on level 13 of the Dungeon.
You worshipped Nemelex Xobeh.
Nemelex Xobeh was noncommittal.
You were a hulking beast.
You visited 2 branches of the dungeon, and saw 14 of its levels.
You also visited: Sewer.

You collected 617 gold pieces.

Inventory:

Hand Weapons
 a - a -1 mace of flaming
 D - a +1 hand axe of flaming
 G - a +3 flail (weapon)
Missiles
 q - 4 boomerangs (quivered)
 x - 2 atropa-tipped darts
 y - 2 throwing nets
 E - a curare-tipped dart
Armour
 b - a +0 robe (worn)
Magical Staves
 o - a staff of cold
Jewellery
 n - an amulet of regeneration
 J - a +5 ring of evasion (left hand)
 L - the ring "Toubbay" (right hand) {rN+ Int+3}
   (You found it on level 9 of the Dungeon)

   [ring of positive energy]

   Int+3:     It affects your intelligence (+3).
   rN+:       It protects you from negative energy.
 N - an amulet of faith (around neck)
Talismans
 k - a beast talisman (active)
 t - a maw talisman
Wands
 i - a wand of digging (7)
Scrolls
 c - a scroll of revelation {unknown}
 f - a scroll of enchant armour {unknown}
 l - 2 scrolls of immolation {unknown}
 m - 2 scrolls of fear {unknown}
 p - a scroll of vulnerability {unknown}
 s - 2 scrolls of teleportation
 v - a scroll of poison {unknown}
 w - 2 scrolls of fog
 A - 2 scrolls of blinking
 C - 2 scrolls of enchant weapon {unknown}
 F - a scroll of brand weapon {unknown}
 H - a scroll of torment {unknown}
Potions
 d - 3 potions of curing
 e - 3 potions of mutation {unknown}
 g - a potion of brilliance
 h - 4 potions of enlightenment {unknown}
 j - 3 potions of cancellation {unknown}
 u - 2 potions of degeneration {unknown}
 z - a potion of invisibility
 B - 2 potions of magic {unknown}
 I - 5 potions of attraction {unknown}
 K - a potion of might {unknown}
 M - a potion of ambrosia {unknown}


   Skills:
 + Level 9.7 Fighting
 + Level 8.1 Maces & Flails
 + Level 5.2 Throwing
 + Level 5.8 Dodging
 - Level 1.0 Stealth
 + Level 8.6 Spellcasting
 * Level 3.4 Conjurations
 + Level 7.0 Fire Magic
 * Level 1.9 Invocations
 - Level 7.0 Shapeshifting


You had 17 spell levels left.
You knew the following spells:

 Your Spells              Type           Power      Damage    Failure   Level
a - Sting                 Conj/Alch      52%        1d6       4%          1
b - Ensorcelled Hibernat  Hex/Ice        14%        N/A       14%         2
c - Scorch                Fire           66%        2d7       1%          2
f - Fireball              Conj/Fire      13%        3d7       30%         5

Your spell library contained the following spells:

 Spells                   Type           Power      Damage    Failure   Level
 Magic Dart               Conj           76%        1d6       2%          1
 Apportation              Tloc           14%        N/A       10%         1
 Necrotise                Necr           28%        1d5       10%         1
 Summon Small Mammal      Summ           28%        N/A       10%         1
 Dazzling Flash           Conj/Hex       26%        N/A       14%         3
 Call Canine Familiar     Summ           7%         N/A       28%         3
 Confusing Touch          Hex            7%         N/A       28%         3
 Sigil of Binding         Hex            7%         N/A       28%         3
 Iskenderun's Battlesphe  Conj           19%        2d7       54%         5
 Dimensional Bullseye     Hex/Tloc       3%         N/A       67%         4
 Leda's Liquefaction      Alch/Erth      3%         N/A       67%         4
 Irradiate                Conj/Alch      6%         3d13      77%         5
 Lee's Rapid Deconstruct  Erth           3%         3d5*      95%         5
 Bombard                  Conj/Erth      6%         9d2       100%        6


Dungeon Overview and Level Annotations

Branches:
Dungeon (14/15)            Temple (1/1) D:5            Lair (0/5) D:11
  Sewer (visited)
    Orc: D:9-12      Vaults: D:13-14

Altars:
Ashenzari
Cheibriados
Dithmenos
Elyvilon
Fedhas
Gozag
Hepliaklqana
Kikubaaqudgha
Makhleb
Nemelex Xobeh
Okawaru
Qazlal
Ru
Sif Muna
Trog
Uskayaw
Vehumet
Wu Jian
Xom
Yredelemnul
Zin
The Shining One

Annotations:
D:10 2 transporters
D:13 Frances


Innate Abilities, Weirdness & Mutations

You are a hulking beast.
Your limbs bulge with bestial killing power. (Slay +4)
You are too large for most types of armour.
You have a pair of small horns on your head.
You have tough skin. (AC +1)
You gain doubled healing and magic from potions.
Whenever you drink a healing potion, you attack all around you.


Message History

You hit the acid dragon. You headbutt the acid dragon.
You kill the acid dragon!
You savour every drop.
You feel better.
Frances screams a word of power!
Aiming: Fastroot
Press: ? - help, Shift-Dir - straight line, f - Frances
Aim: Frances, wielding a +0 hand axe and wearing a +0 scale mail (purple smoke)
The roots erupt in riotous growth!
Roots grab Frances.
The now-empty wand crumbles to dust.
The grasping roots constrict Frances.
Frances chants phrases taken from a devil's mouth.
Frances seems to speed up.
Unknown command.
The roots lose their grip on something.
Okay, then.
Press: ? - help, v - describe, . - travel
Here: Frances, wielding a +0 hand axe and wearing a +0 scale mail (purple smoke, lightly wounded, fast)
The floor, spattered with blood.
Okay, then.
Okay, then.
As you read the scroll labelled HISAAS XA UXI, it crumbles to dust.
You feel strangely unstable.
It was a scroll of teleportation.
Frances chants phrases taken from a devil's mouth.
Casting: Scorch (safe; 1% risk of failure)
Confirm with . or Enter, or press ? or * to list all spells.
Okay, then.
Unknown command.
You take a swig of the potion and twirl your +3 flail.
You hit Frances. You headbutt Frances!
Frances is lightly wounded.
You hit the red devil. Your headbutt misses the red devil.
The red devil is lightly wounded.
You savour every drop.
You feel better.
Frances mutters a nigh-unspeakable word.
Frances mutters in a terrible tongue.
The iron shot hits you!!!
* * * LOW HITPOINT WARNING * * *
The red devil hits you with a +0 trident!
You die...
Your body disappears without a glow.

..##†#..# #.# #
.....#.## #.# .#
#.####.# #.# ..#
#†# #.#
#.#####...# #.#
#.# #..§......#
#.# #.#
#.##§###... #.#
#.# #.##§# ..# #.#
#.##@# #.# #.#
#.##h# #.# #.#
#.##4# #.# #.#
#.##§# #.####.#
#.##.#
.......######.##.#
#####........#.#.#
#.§######.##..
#......... ...
@.......... ...


You could see Frances (fast) and a red devil (summoned).

Vanquished Creatures
  A centaur warrior (D:14)
  A boulder beetle (D:7)
  A two-headed ogre (D:10)
  The ghost of poulshu the Impaler, a novice MiBe of Trog (D:9)
  An ugly thing (D:10)
  A troll (D:13)
  Prince Ribbit (D:9)
  Sigmund (D:3)
  A shadow (D:11)
  3 wyverns
  2 steam dragons (D:6)
  6 yaks
  2 acid dragons (D:13)
  2 orc warriors (D:7)
  An ice beast (D:7)
  A black bear (D:6)
  2 ogres (D:6)
  A crocodile (Sewer)
  2 laughing skulls (D:14)
  7 centaurs
  A phantom (D:7)
  A kobold brigand (D:6)
  2 scorpions
  A bullfrog (D:9)
  2 gnoll sergeants (D:9)
  5 wights (D:6)
  6 killer bees (D:8)
  5 howler monkeys
  A gnoll bouda (D:4)
  A bombardier beetle (D:5)
  3 jellies
  2 orc priests
  3 iguanas
  8 orc wizards
  20 gnolls
  9 adders
  A river rat (D:5)
  2 shadow imps
  A white imp (D:7)
  A ribbon worm (D:2)
  3 dart slugs
  24 orcs
  5 bats
  5 endoplasms
  10 giant cockroaches
  7 goblins
  7 hobgoblins
  8 jackals
  6 quokkas
  7 ball pythons
  6 frilled lizards
  10 kobolds
  8 rats
219 creatures vanquished.

Vanquished Creatures (others)
  28 foxfires
28 creatures vanquished.

Grand Total: 247 creatures vanquished

Notes
Turn   | Place    | Note
-------+----------+-------------------------------------------
     0 | D:1      | Minsecho the Oni Cinder Acolyte began the quest for the
                  | Orb.
     0 | D:1      | Reached XP level 1. HP: 24/24 MP: 2/2
    35 | D:1      | Reached XP level 2. HP: 17/32 MP: 3/3
   388 | D:1      | Reached XP level 3. HP: 37/40 MP: 4/4
   601 | D:1      | Learned a level 2 spell: Scorch
  1012 | D:2      | Reached skill level 5 in Fighting
  1077 | D:2      | Found a blossoming altar of Fedhas.
  1237 | D:2      | Reached XP level 4. HP: 50/50 MP: 5/5
  1783 | D:3      | Reached skill level 1 in Shapeshifting
  1802 | D:3      | Noticed Sigmund
  1809 | D:3      | Killed Sigmund
  1810 | D:3      | Reached skill level 1 in Dodging
  1810 | D:3      | Reached XP level 5. HP: 40/57 MP: 3/7
  1810 | D:3      | Reached XP level 6. HP: 47/66 MP: 3/8
  1877 | D:3      | Found a blossoming altar of Fedhas.
  2623 | D:4      | Found an iron altar of Okawaru.
  2642 | D:4      | Found the +6 shillelagh "Devastator" {shatter}
  2682 | D:4      | Found a white marble altar of Elyvilon.
  3010 | D:4      | Reached XP level 7. HP: 31/72 MP: 2/10
  3158 | D:4      | Found a sacrificial altar of Ru.
  3408 | D:4      | You fall into a shaft and drop 2 floors!
  3447 | D:5      | Entered Level 5 of the Dungeon
  3615 | D:5      | Reached skill level 1 in Stealth
  3704 | D:5      | Got the Elucidation of Cold and Glamour
  3757 | D:5      | Found a glowing drain.
  3761 | Sewer    | Entered a sewer
  3878 | Sewer    | Reached skill level 1 in Throwing
  4097 | D:5      | Found a glowing silver altar of Zin.
  4254 | D:5      | Found a staircase to the Ecumenical Temple.
  4288 | Temple   | Entered the Ecumenical Temple
  4325 | D:5      | Found a hazy altar of Hepliaklqana.
  4634 | D:6      | Found a bloodstained altar of Trog.
  4652 | D:6      | Reached XP level 8. HP: 74/83 MP: 13/13
  4778 | D:6      | Reached skill level 6 in Fighting
  4982 | D:6      | Reached skill level 5 in Maces & Flails
  5307 | D:6      | Found a broken altar of Ashenzari.
  5394 | D:6      | Reached skill level 5 in Spellcasting
  5857 | D:7      | Noticed a wyvern
  5864 | D:6      | Reached skill level 5 in Fire Magic
  5864 | D:6      | Reached XP level 9. HP: 88/92 MP: 8/17
  6308 | D:7      | Noticed a boulder beetle
  6432 | D:6      | Reached skill level 9 in Fighting
  6432 | D:6      | Reached skill level 5 in Throwing
  6432 | D:6      | Reached skill level 5 in Dodging
  6432 | D:6      | Reached XP level 10. HP: 107/107 MP: 19/19
  6589 | D:7      | Got Loun's Volume of Destruction
  6590 | D:7      | Found a hide-covered altar of Uskayaw.
  6601 | D:7      | Learned a level 1 spell: Sting
  6604 | D:7      | Learned a level 2 spell: Ensorcelled Hibernation
  6610 | D:7      | Learned a level 5 spell: Fireball
  6750 | D:7      | Killed a boulder beetle
  6805 | D:7      | Found a burning altar of Makhleb.
  7630 | D:9      | Noticed Prince Ribbit
  7646 | D:9      | Killed Prince Ribbit
  7650 | D:9      | Reached skill level 1 in Conjurations
  7773 | D:9      | Found a shimmering altar of Xom.
  7783 | D:9      | Reached XP level 11. HP: 75/115 MP: 9/21
  8040 | D:9      | Found a runed translucent door.
  8040 | D:9      | Noticed poulshu's ghost (novice MiBe)
  8575 | D:10     | Entered Level 10 of the Dungeon
  8578 | D:10     | Noticed a two-headed ogre
  8585 | D:10     | Killed a two-headed ogre
  8587 | D:10     | Noticed a centaur warrior
  8649 | D:10     | Found .
  8879 | D:9      | Killed poulshu's ghost
  8881 | D:9      | Identified the ring "Toubbay" {rN+ Int+3}
  9056 | D:10     | Found a shadowy altar of Dithmenos.
  9066 | D:10     | Found a sparkling altar of Nemelex Xobeh.
  9431 | D:10     | Found a transporter.
  9436 | D:10     | Noticed a moth of wrath
  9462 | D:10     | Found a transporter.
  9525 | D:10     | Noticed a brown ugly thing
  9541 | D:10     | Killed a brown ugly thing
  9542 | D:10     | Reached skill level 1 in Invocations
  9780 | D:10     | Fell from the grace of Ignis
  9780 | D:10     | Became a worshipper of Nemelex Xobeh the Trickster
 10093 | D:11     | Found a staircase to the Lair.
 10127 | D:11     | You fall into a shaft and drop 3 floors!
 10139 | D:14     | Noticed a centaur warrior
 10156 | D:14     | Killed a centaur warrior
 10560 | D:13     | Noticed Frances
 10585 | D:13     | Slain by a red devil

Illustrated notes

Levels and vault maps discovered:
D:1:      minmay_arrival_three_doors, layout_basic, hangedman_glass_teeth
D:2:      layout_basic, basic_altar
D:3:      layout_loops_ring, fedhas_altar_3, minmay_splitting_lines,
          uniq_sigmund
D:4:      layout_layer_cave, old_standard_altar, mainiacjoe_overflow_paths,
          general_overflow_altar
D:5:      layout_loops_ring, mainiacjoe_overflow_alcove_1, zin_academy,
          minmay_temple_entry_drinking_statues, gup_sewer_entry_spiral
D:6:      layout_basic, bloody_trog, mainiacjoe_overflow_six_doors_small
D:7:      layout_cave_pools, kennysheep_mini_moat,
          eat_drink_and_be_merry_uskayaw
D:8:      minmay_klotski, layout_basic
D:9:      layout_rooms, mainiacjoe_overflow_surrounded_room,
          gammafunk_ghost_grave, uniq_prince_ribbit1
D:10:     layout_stronghold, amcnicky_altar_gilded,
          mainiacjoe_overflow_big_doors, gammafunk_ghost_berserking_beasts
D:11:     layout_loops_ring, lair_entry_dummy, uniq_erolcha
D:13:     layout_loops_ring, grunt_vaults_entry_tiered,
          nzn_wu_jian_contemplation, uniq_frances, uniq_josephine
D:14:     layout_cave_pods, gammafunk_ghost_smash, nicolae_ru_awakened_eye
Temple:   hellmonk_temple_two_chambers

Skill      XL: |  1  2  3  4  5  6  7  8  9 10 11 |
---------------+----------------------------------+-----
Fire Magic     | 3 4 5 6 7 |  7.0
Fighting       | 5 6 9 |  9.7
Shapeshifting  | 2 3 4 6 7 |  7.0
Maces & Flails | 4 5 7 8 |  8.1
Dodging        | 1 2 5 |  5.8
Spellcasting   | 2 3 5 6 7 8 |  8.6
Stealth        | 1 |  1.0
Throwing       | 1 5 |  5.2
Conjurations   | 1 3 |  3.4
Invocations    | 1 |  1.9

Action                     |  1- 3 |  4- 6 |  7- 9 | 10-12 || total
---------------------------+-------+-------+-------+-------++-------
  Melee: Mace              |   114 |   111 |    51 |       ||   276
         Headbutt          |     8 |    13 |    22 |    29 ||    72
         Punch             |     2 |     1 |     1 |     2 ||     6
         Flail             |       |       |    51 |    90 ||   141
  Throw: Boomerang         |       |     5 |    12 |    17 ||    34
         Dart              |       |       |     1 |     4 ||     5
   Cast: Scorch            |       |    21 |    94 |   101 ||   216
 Invoke: Fiery Armour      |       |     3 |     3 |     4 ||    10
         Foxfire Swarm     |       |       |     1 |     1 ||     2
         Rising Flame      |       |       |       |     1 ||     1
  Evoke: Wand              |       |       |       |     6 ||     6
    Use: Scroll            |       |       |     4 |     5 ||     9
         Potion            |       |       |     1 |     5 ||     6
 Armour: Robe              |    83 |   105 |   129 |   152 ||   469
  Dodge: Dodged            |    62 |    56 |   100 |   152 ||   370
   Form: Beast             |     1 |       |       |       ||     1
